 Dungeon Crawl Stone Soup version 0.22-a0-570-g58866f5 (webtiles) character file.

155 jamsan the Spear-Bearer (level 5, 0/42 HPs)
             Began as a Merfolk Monk on June 30, 2018.
             Slain by an ufetubus (3 damage)
             ... summoned by Eustachio
             ... on level 4 of the Dungeon.
             The game lasted 00:09:52 (4346 turns).

jamsan the Spear-Bearer (Merfolk Monk)              Turns: 4346, Time: 00:09:53

Health: 0/42       AC:  5    Str: 11 (12) XL:     5   Next: 37%
Magic:  5/5        EV: 12    Int:  8 (9)  God:
Gold:   104        SH:  0    Dex: 12 (17) Spells: 4/4 levels left

rFire    . . .     SeeInvis +   a - +0 spear
rCold    . . .     Gourm    .   (no shield)
rNeg     . . .     Faith    .   q - +0 ring mail
rPois    .         Spirit   .   (no helmet)
rElec    .         Reflect  .   v - scarf {cloud immunity}
rCorr    .         Harm     .   (no gloves)
MR       .....                  (no boots)
Stlth    +.........             (no amulet)
HPRegen  0.14/turn              i - ring of see invisible
MPRegen  0.09/turn              (no ring)

@: no status effects
A: change form in water, swift swim, stealthy swim
a: no special abilities


You were on level 4 of the Dungeon.
You were not hungry.

You visited 1 branch of the dungeon, and saw 4 of its levels.

You collected 104 gold pieces.

Inventory:

Hand Weapons
 a - a +0 spear (weapon)
Missiles
 f - 93 stones (quivered)
Armour
 b - a +0 robe
 q - a +0 ring mail (worn)
 v - a scarf of cloud immunity (worn)
Jewellery
 i - a ring of see invisible (left hand)
Scrolls
 d - a scroll of magic mapping {unknown}
 e - 2 scrolls of immolation
 g - a scroll of remove curse
 o - a scroll of noise {unknown}
 p - a scroll of identify
 t - a scroll of random uselessness
 u - a scroll of fear {unknown}
Potions
 h - a potion of resistance {unknown}
 k - 2 potions of curing
 m - 2 potions of degeneration
 n - a potion of brilliance {unknown}
 r - a potion of mutation {unknown}
 s - a potion of flight {unknown}
 w - a potion of heal wounds {unknown}
Comestibles
 c - 3 rations


   Skills:
 - Level 3.8 Fighting
 * Level 8.1 Polearms
 - Level 4.0 Dodging
 - Level 2.2 Stealth


You had 4 spell levels left.
You didn't know any spells.
Your spell library was empty.

Dungeon Overview and Level Annotations

Branches:
Dungeon (4/15)
 Temple: D:4-7

Altars:
Dithmenos
Kikubaaqudgha
Nemelex Xobeh

Annotations:
D:4 Eustachio


Message History

The crimson imp blinks!
The ufetubus hits you but does no damage.
The ufetubus hits you. Eustachio hits you with a rapier!
* * * LOW HITPOINT WARNING * * *
The quasit bites you.
* * * LOW HITPOINT WARNING * * *
You feel clumsy.
The quasit claws you but does no damage.
The quasit closely misses you.
As you read the scroll labeled HODOAR TAUGUEWK, it crumbles to dust.
It is a scroll of identify.
t - a scroll of random uselessness The ufetubus barely misses you. x2; The crimson imp blinks!
The quasit closely misses you. The quasit claws you.
* * * LOW HITPOINT WARNING * * *
The quasit claws you but does no damage.
Eustachio hits you with a rapier.
* * * LOW HITPOINT WARNING * * *
The ufetubus hits you.
You die...

#ยง#######
#...rb@5#
#@# #5#
#.# #.#
#.#
#.######
#.....<#
########


You could see Eustachio, a quasit, an ufetubus, a quokka and a bat.

Vanquished Creatures
  An orc priest (D:3)
  A gnoll (D:1)
  4 adders
  A worm (D:3)
  5 dart slugs
  2 leopard geckos
  2 orcs (D:3)
  8 bats (D:1)
  6 giant cockroaches
  3 goblins
  9 hobgoblins
  5 frilled lizards
  12 kobolds
  5 rats
64 creatures vanquished.

Notes
Turn   | Place    | Note
-------+----------+-------------------------------------------
     0 | D:1      | jamsan the Merfolk Monk began the quest for the Orb.
     0 | D:1      | Reached XP level 1. HP: 18/18 MP: 1/1
   165 | D:1      | Reached skill level 5 in Polearms
   165 | D:1      | Reached XP level 2. HP: 23/24 MP: 2/2
   425 | D:1      | Reached XP level 3. HP: 27/30 MP: 3/3
   786 | D:1      | Reached skill level 6 in Polearms
  1191 | D:2      | Reached XP level 4. HP: 23/37 MP: 4/4
  1998 | D:2      | Found a shadowy altar of Dithmenos.
  2030 | D:2      | Reached skill level 7 in Polearms
  2056 | D:2      | HP: 1/37 [poisoned by an adder]
  3370 | D:3      | Reached XP level 5. HP: 19/42 MP: 5/5
  3706 | D:3      | Reached skill level 8 in Polearms
  3725 | D:3      | Found a sparkling altar of Nemelex Xobeh.
  4194 | D:3      | Found a shadowy altar of Dithmenos.
  4194 | D:3      | Found an ancient bone altar of Kikubaaqudgha.
  4332 | D:4      | Noticed Eustachio
  4346 | D:4      | Slain by an ufetubus

Vault maps used:
D:1:      dpeg_arrival_rhombus, minmay_bisected
D:2:      first_ration, grunt_dithmenos_smoke
D:3:      nemelex_xobeh_ov_fountains_minmay, gammafunk_temple_overflow_elements
D:4:      amethyst_overflow_temple_binary, nicolae_overflow_crystal_walls,
          serial_shops, kennysheep_mini, uniq_blork_the_orc, uniq_natasha,
          uniq_menkaure, uniq_eustachio

Skill      XL: |  1  2  3  4  5 |
---------------+----------------+-----
Polearms       | 5 6 7 8 |  8.1
Fighting       | |  3.8
Dodging        | |  4.0
Stealth        | |  2.2

Action                   |  1- 3 |  4- 6 || total
-------------------------+-------+-------++-------
Melee: Spear             |   120 |   177 ||   297
Throw: Stone             |       |    34 ||    34
  Use: Potion            |       |     3 ||     3
       Scroll            |       |     4 ||     4
 Stab: Sleeping          |    13 |     3 ||    16
  Eat: Ration            |     1 |     2 ||     3
       Chunk             |       |     1 ||     1
Armor: Robe              |    23 |     5 ||    28
       Ring mail         |       |    29 ||    29
       Skin              |       |     3 ||     3
Dodge: Dodged            |    66 |    86 ||   152

Table legend:
 A = Spawn XP
 B = Non-spawn XP
 C = Spawn XP percentage of total XP
 D = Spawn monster count
 E = Non-spawn monster count
 F = Spawn count percentage of total count
 G = Total turns spent on level
                    A         B        C        D         E        F      G
               +---------+---------+-------+---------+---------+-------+---------
         Total |       0 |     222 |   0.0 |       0 |      64 |   0.0 |  4346
               +---------+---------+-------+---------+---------+-------+---------
           D:1 |       0 |      66 |   0.0 |       0 |      31 |   0.0 |  1141
           D:2 |       0 |      65 |   0.0 |       0 |      16 |   0.0 |  1765
           D:3 |       0 |      91 |   0.0 |       0 |      17 |   0.0 |  1415
               +---------+---------+-------+---------+---------+-------+---------
